 Dungeon Crawl Stone Soup version 0.28.0-45-g0d030f2227 (webtiles) character file.

Game seed: 7016407760560941256

18 zeratav the Insei (level 2, -3/18 HPs)
             Began as an Octopode Transmuter on Apr 9, 2022.
             Slain by a scorpion (8 damage)
             ... on level 2 of the Dungeon.
             The game lasted 00:00:49 (344 turns).

zeratav the Insei (Octopode Transmuter)              Turns: 344, Time: 00:00:49

Health: -3/18      AC:  1    Str:  9    XL:     2   Next: 70%
Magic:  4/5        EV: 13    Int: 15    God:
Gold:   18         SH:  0    Dex: 12    Spells: 4/5 levels left

rFire   . . .      SeeInvis .     - Unarmed
rCold   . . .      Faith    .   (no shield)
rNeg    . . .      Spirit   .   (helmet currently unavailable)
rPois   .          Reflect  .   (no amulet)
rElec   .          Harm     .   (no ring)
rCorr   .          Rampage  .   (no ring)
Will    .....                   (no ring)
Stlth   +++.......              (no ring)
HPRegen 0.06/turn               (no ring)
MPRegen 0.09/turn               (no ring)
                                (no ring)
                                (no ring)

@: appendages
A: tentacle spike 3, almost no armour, amphibious, 8 rings, camouflage 1,
gelatinous body 1, (nimble swimmer 1), tentacles
a: End Transformation


You were on level 2 of the Dungeon.
One of your tentacles had grown a beastly spike.
You visited 1 branch of the dungeon, and saw 2 of its levels.

You collected 18 gold pieces.


Innate Abilities, Weirdness & Mutations

One of your tentacles has grown a beastly spike.
You cannot wear most types of armour.
You are amphibious.
You can wear up to eight rings at the same time.
Your skin changes colour to match your surroundings (Stealth+).
Your rubbery body absorbs attacks. (AC +1, EV +1)
((You are camouflaged when in or above water. (Stealth+)))
You have tentacles for arms and can constrict up to eight enemies at once.


   Skills:
 + Level 1.3 Fighting
 + Level 2.2 Dodging
 + Level 1.2 Stealth
 * Level 3.3 Unarmed Combat
 - Level 2.0 Spellcasting
 - Level 2.0 Transmutations


You had 4 spell levels left.
You knew the following spells:

 Your Spells              Type           Power      Damage    Failure   Level
a - Beastly Appendage     Tmut           14%        N/A       10%         1

Your spell library contained the following spells:

 Spells                   Type           Power      Damage    Failure   Level
 Wereblood                Tmut           7%         N/A       14%         2
 Blink                    Tloc           2%         N/A       32%         2
 Spider Form              Tmut/Pois      4%         N/A       41%         3
 Ice Form                 Ice/Tmut       4%         N/A       82%         4
 Iskenderun's Mystic Bla  Conj/Tloc      1%         2d3       91%         4
 Lightning Bolt           Conj/Air       0%         1d11      99%         5

Inventory:

Potions
 a - 2 potions of attraction {unknown}

Dungeon Overview and Level Annotations

Branches:
Dungeon (1/15)

Altars:

#.........$...................
#.......#...#....[.#......)...
#........>............).......
#.......###...#..#............#
#.......####........##.#####...
#............................##
#..$.....######.#.....#........
............ #s##......#######
#.#.....###.# #@#..#...####
.....#### .. #.#....#....#
#.#########.### #.# #...# $..
###.# ## .....########.#...
..................
............#######
...#####........


You could see a scorpion.


Message History

You tentacle-slap the goblin.
You kill the goblin!
No target in view!
No target in view!
No target in view!
No target in view!
No target in view!
No target in view!
No target in view!
No target in view!
No target in view!
No target in view!
No target in view!
No target in view!
No target in view!
Your transformation is almost over.
Your tentacle spike disappears.
Things that are here:
a +0 club {mace}; a +0 hunting sling of freezing {sling}; 19 stones {throwing} HP[+5] MP[+1]
Your hp is fully restored (13).
Your mp is fully restored (3).
You pick up the Guide on Aerial Orientation and begin reading...
You add the spells Blink, Iskenderun's Mystic Blast and Lightning Bolt to your library.
One of your tentacles grows a vicious spike.
MP[-1]
You lost 1 mp, and now have 2/3 mp.
A rat comes into view.
A worm comes into view.
You see here a +0 robe.
Found a stone staircase leading down.
An adder comes into view.
You tentacle-slap the worm but do no damage.
You grab the worm. You squeeze the worm. You constrict the worm.
The worm bites you.
HP[-4]
You take 4 damage, and now have 9/13 hp.
MASSIVE DAMAGE!! (PAUSE)
You tentacle-slap the worm.
You pierce the worm.
You squeeze the worm.
Your transformation is almost over.
You constrict the worm, but do no damage.
You tentacle-slap the worm.
You kill the worm!
You have reached level 2!
HP[+4] MP[+1]
You now have 18 max hp (+5).
You regained 4 hp, and now have 13/18 hp.
There are monsters nearby!
The rat completely misses you.
You see here a scroll labelled FUXKONALAG.
You barely miss the rat. You grab the rat. You constrict the rat.
The rat bites you.
HP[-1] MP[+1]
You take 1 damage, and now have 12/18 hp.
You tentacle-slap the rat.
You kill the rat!
Your Stealth skill increases to level 1!
A scorpion comes into view.
The adder hisses angrily.
The adder barely misses you. The adder bites you.
HP[-1]
You take 1 damage, and now have 11/18 hp.
You closely miss the adder. You grab the adder.
You pierce the adder.
Your tentacle-slap misses the adder.
Your tentacle spike disappears.
You constrict the adder. The adder bites you.
* * * LOW HITPOINT WARNING * * *
You are poisoned.
The adder poisons you!
You tentacle-slap the adder.
You kill the adder!
You feel sick.
HP[-4]
You take 4 damage, and now have 7/18 hp.
MASSIVE DAMAGE!! (PAUSE)
You feel sick.
HP[-1]
You take 1 damage, and now have 6/18 hp.
You feel sick.
You feel sick. The scorpion closely misses you.
HP[-1] MP[+1]
You take 1 damage, and now have 5/18 hp.
Your mp is fully restored (5).
You closely miss the scorpion. Your grab misses the scorpion.
You tentacle-slap the scorpion. You squeeze the scorpion.
You feel sick.
You are no longer poisoned.
The scorpion misses you.
HP[-1]
You take 1 damage, and now have 4/18 hp.
You are too injured to fight recklessly!
You are too injured to fight recklessly!
You are too injured to fight recklessly!
The scorpion misses you. The scorpion closely misses you.
The scorpion barely misses you.
You are too injured to fight recklessly!
Casting: Beastly Appendage (safe; 10% risk of failure)
Confirm with . or Enter, or press ? or * to list all spells.
One of your tentacles grows a vicious spike.
The scorpion stings you!
You die...

Skill      XL: |  1  2 |
---------------+-------+-----
Stealth        | 1 |  1.2
Fighting       | |  1.3
Dodging        | |  2.2
Unarmed Combat | |  3.3
Spellcasting   | |  2.0
Transmutations | |  2.0

Action                   || total
-------------------------++-------
Melee: Unarmed           ||    14
       Tentacles         ||     4
       Constrict         ||     4
       Kick              ||     3
       Punch             ||     1
 Cast: Beastly Appendage ||     7
Dodge: Dodged            ||    10

Levels and vault maps discovered:
D:1:      eino_arrival_cavern_d, layout_basic, dreamdust_ecumenical_altar_grove,
          serial_park_tiny_1
D:2:      minmay_door_path, layout_rooms, serial_park_tiny_1,
          minmay_misc_feat_plants, guppyfry_early_orc_mine

Notes
Turn   | Place    | Note
-------+----------+-------------------------------------------
     0 | D:1      | zeratav the Octopode Transmuter began the quest for the
                  | Orb.
     0 | D:1      | Reached XP level 1. HP: 13/13 MP: 3/3
     0 | D:1      | magus.rc [v1.9.6]
    43 | D:1      | You fall into a shaft and drop 1 floor!
   305 | D:2      | You add the spells Blink, Iskenderun's Mystic Blast and
                  | Lightning Bolt to your library.
   305 | D:2      | Got the Guide on Aerial Orientation
   317 | D:2      | Reached XP level 2. HP: 13/18 MP: 3/5
   320 | D:2      | Reached skill level 1 in Stealth
   323 | D:2      | Noticed a scorpion
   330 | D:2      | HP: 4/18 [poisoned by an adder]
   344 | D:2      | Slain by a scorpion

Vanquished Creatures
  An adder (D:2)
  A worm (D:2)
  A giant cockroach (D:2)
  2 goblins (D:2)
  A bat (D:2)
  A frilled lizard (D:2)
  A rat (D:2)
8 creatures vanquished.

Table legend:
 A = Non-vault XP
 B = Vault XP
 C = Vault XP percentage of total XP
 D = Non-vault monster count
 E = Vault monster count
 F = Vault count percentage of total count
                 A         B        C        D         E       F
            +---------+---------+-------+---------+---------+-------
      Total |      26 |       1 |   3.7 |       7 |       1 |  12.5
            +---------+---------+-------+---------+---------+-------
        D:2 |      26 |       1 |   3.7 |       7 |       1 |  12.5
            +---------+---------+-------+---------+---------+-------

Illustrated notes

Table legend:
 A = Kills in this place as a percentage of kills in entire the game.
 B = Kills by you in this place as a percentage of kills by you in the entire game.
 C = Kills by friends in this place as a percentage of kills by friends in the entire game.
 D = Other kills in this place as a percentage of other kills in the entire game.
 E = Experience gained in this place as a percentage of experience gained in the entire game.
 F = Experience gained in this place divided by the number of levels of this place that you have seen.
                   A       B       C       D       E      F
               +-------+-------+-------+-------+-------+----------------------
         Total | 100.0 | 100.0 |   N/A |   N/A | 100.0 |  13.5
       Dungeon | 100.0 | 100.0 |   N/A |   N/A | 100.0 |  13.5
               +-------+-------+-------+-------+-------+----------------------

Table legend: (Time is in decaauts)
 A = Elapsed time spent in this place.
 B = Non-inter-level travel time spent in this place.
 C = Inter-level travel time spent in this place.
 D = Time resting spent in this place.
 E = Time spent auto-exploring this place.
 F = Levels seen in this place.
 G = Mean time per level.
                   A        B        C        D        E       F      G
               +--------+--------+--------+--------+--------+-----+--------+
         Total |    342 |    342 |      0 |      0 |    273 |   2 |  171.0 |
       Dungeon |    342 |    342 |      0 |      0 |    273 |   2 |  171.0 |
               +--------+--------+--------+--------+--------+-----+--------+

Top non-repeatable levels by time:
     D:2: 299 daAuts
     D:1: 43 daAuts
